 Dungeon Crawl Stone Soup version 0.27-a0-1579-g97d2440184 (webtiles) character file.

Game seed: 15975630998872937645

913 freelancePsychic the Skirmisher (level 8, 0/64 HPs)
             Began as a Human Wanderer on July 18, 2021.
             Was a Follower of Cheibriados.
             Succumbed to a killer bee's poison
             ... on level 6 of the Dungeon.
             The game lasted 00:11:03 (7684 turns).

freelancePsychic the Skirmisher (Human Wanderer)    Turns: 7684, Time: 00:11:04

Health: 0/64       AC:  8    Str: 23 (25) XL:     8   Next: 30%
Magic:  9/9        EV: 13    Int: 14 (17) God:    Cheibriados [*.....]
Gold:   272        SH:  0    Dex: 11 (13) Spells: 8/8 levels left

rFire    . . .     SeeInvis .   y - +3 short sword (elec)
rCold    . . .     Faith    .   (no shield)
rNeg     . . .     Spirit   .   d - +2 scale mail
rPois    .         Reflect  .   (no helmet)
rElec    .         Harm     .   (no cloak)
rCorr    .         Rampage  .   (no gloves)
Will     .....                  (no boots)
Stlth    ..........             (no amulet)
HPRegen  0.20/turn              i - +6 ring of strength
MPRegen  0.11/turn              r - +4 ring of evasion

@: mighty, lethally poisoned (0 -> -6), studying Bows, very slow
A: no striking features
a: Renounce Religion, Bend Time


You were on level 6 of the Dungeon.
You worshipped Cheibriados.
Cheibriados was aware of your devotion.
You visited 2 branches of the dungeon, and saw 8 of its levels.
You also visited: Sewer.

You collected 272 gold pieces.

Inventory:

Hand Weapons
 a - a +0 dagger
 g - a +2 dagger of draining
 p - a +2 long sword of protection
 y - a +3 short sword of electrocution (weapon)
 D - a +0 shortbow
Missiles
 c - 21 poisoned darts (quivered)
 h - 30 bolts
 j - 15 javelins
 n - 20 boomerangs
 E - 71 arrows
Armour
 d - a +2 scale mail (worn)
 u - a +0 kite shield
Jewellery
 f - a +6 ring of intelligence
 i - a +6 ring of strength (left hand)
 o - a +6 ring of dexterity
 r - a +4 ring of evasion (right hand)
Wands
 G - a wand of digging (2)
Scrolls
 b - 2 scrolls of teleportation {@r4}
 e - a scroll of amnesia {unknown}
 l - a scroll of holy word {unknown}
 q - a scroll of enchant armour
 s - 4 scrolls of enchant weapon
 v - 8 scrolls of identify {@r1}
 x - a scroll of fear {unknown}
 z - a scroll of magic mapping
 A - a scroll of immolation {unknown}
 F - a scroll of fog {unknown}
Potions
 m - a potion of degeneration
 t - 4 potions of flight
 B - a potion of heal wounds {unknown}
 C - a potion of lignification {unknown}


   Skills:
 + Level 5.9 Fighting
 - Level 3.2 Long Blades
 - Level 1.0 Axes
 + Level 3.7 Bows
 - Level 1.0 Throwing
 - Level 3.0 Armour
 + Level 0.0 Dodging
 - Level 1.0 Shields
 - Level 0.7 Spellcasting
 - Level 2.5 Conjurations
 - Level 3.0 Necromancy
 - Level 2.4 Fire Magic
 - Level 2.3 Earth Magic


You had 8 spell levels left.
You didn't know any spells.
Your spell library contained the following spells:

 Spells                   Type           Power      Damage    Failure   Level
 Sandblast                Erth           14%        2d6       26%         1
 Corpse Rot               Necr/Air       N/A        N/A       50%         2
 Passwall                 Tmut/Erth      2%         N/A       54%         2
 Freeze                   Ice            0%         1d3       56%         1
 Inner Flame              Hex/Fire       3%         N/A       77%         3
 Ignite Poison            Fire/Tmut/Pois 2%         N/A       82%         3
 Mephitic Cloud           Conj/Pois/Air  2%         N/A       82%         3
 Dispel Undead            Necr           8%         3d8       89%         4
 Call Canine Familiar     Summ           0%         N/A       90%         3
 Frozen Ramparts          Ice            0%         1d2       90%         3
 Portal Projectile        Hex/Tloc       0%         N/A       90%         3
 Hailstorm                Conj/Ice       4%         3d4       99%         4
 Leda's Liquefaction      Hex/Erth       1%         N/A       99%         4
 Cause Fear               Hex            0%         N/A       100%        4
 Summon Ice Beast         Ice/Summ       0%         N/A       100%        4
 Bolt of Magma            Conj/Fire/Erth 3%         4d5       100%        5
 Lee's Rapid Deconstruct  Erth           3%         3d6*      100%        5
 Summon Mana Viper        Hex/Summ       0%         N/A       100%        5
 Death Channel            Necr           4%         N/A       100%        6
 Monstrous Menagerie      Summ           0%         N/A       100%        7
 Discord                  Hex            0%         N/A       100%        8


Dungeon Overview and Level Annotations

Branches:
Dungeon (7/15)             Temple (1/1) D:4           Sewer (visited)

Altars:
Ashenzari
Cheibriados
Fedhas
Gozag
Kikubaaqudgha
Makhleb
Okawaru
Ru
Sif Muna
Trog
Uskayaw
Vehumet
Wu Jian
Xom
Zin
The Shining One

Shops:
D:1 *


Message History

The poisoned dart hits the killer bee.
The killer bee is poisoned.
You feel sick. The killer bee barely misses you. x2
Throw: 22 darts (poison)
Press: ? - help, Q - select action, (/) - cycle Shift-Dir - straight line, f/p - killer bee
Aim: a killer bee (heavily wounded, 29% to hit)
You throw a poisoned dart.
The poisoned dart closely misses the killer bee.
The poisoned dart misses the killer bee.
You feel sick. The killer bee closely misses you.
The killer bee barely misses you.
You miss the killer bee.
The killer bee is heavily wounded.
You feel sick. The killer bee stings you.
* * * LOW HITPOINT WARNING * * *
The killer bee misses you.
You hit the killer bee.
The killer bee is almost dead.
The killer bee stings you but does no damage.
The killer bee stings you.
* * * LOW HITPOINT WARNING * * *
You miss the killer bee.
The killer bee is almost dead.
You feel sick. The killer bee barely misses you.
The killer bee completely misses you.
You closely miss the killer bee.
The killer bee is almost dead.
You feel sick.
The killer bee looks more healthy.
The killer bee stings you!
* * * LOW HITPOINT WARNING * * *
You are lethally poisoned!
The killer bee poisons you!
The killer bee stings you but does no damage.
It was a potion of degeneration.
There was something very wrong with that liquid.
You feel weakened.
You feel dopey.
You feel clumsy.
* * * LOW HITPOINT WARNING * * *
You feel sick. The killer bee barely misses you.
The killer bee stings you but does no damage.
It was a potion of might.
You feel very mighty all of a sudden.
You die...

#.................#.......#.....#
###<####...#...####..#)##.#.....#
#...# ##...##### #....##.##.....
#.#####.....## ##.####.##.####
..# ##.......## #......##.#§§≈
### #.........# #.#######.#§>.
#.......>.# #.#######.#§§_
#.........######.......#.# ≈≈
#....(....yy@....#####.#.####
####.#.....##y#####.# #.#.....
#.........###)...##.# #.......
#.##.#.##.###.##.##.# ########
#.##.#.###..........#
##.##......[#####.####
#...##..<#### ##.######
..#.##....# #.......#
....##....### #..####.#


You could see 3 killer bees.

Vanquished Creatures
  A black bear (D:4)
  A centaur (D:5)
  An ogre (D:6)
  A kobold brigand (Sewer)
  A scorpion (D:5)
  A wyvern skeleton (D:6)
  A killer bee (D:6)
  A bullfrog zombie (D:5)
  A centaur skeleton (D:4)
  3 hounds
  An orc priest (D:5)
  An iguana (D:5)
  An orc wizard (D:6)
  6 adders
  A river rat (Sewer)
  A white imp (D:5)
  2 adder skeletons (D:4)
  An adder zombie (D:5)
  2 worms (D:2)
  2 dart slugs
  9 orcs
  8 endoplasms
  3 giant cockroaches
  13 hobgoblins
  13 jackals
  3 quokkas
  4 ball pythons
  6 bats
  A frilled lizard (D:1)
  8 goblins
  12 kobolds
  8 rats
118 creatures vanquished.

Vanquished Creatures (collateral kills)
  A dart slug (D:3)
1 creature vanquished.

Grand Total: 119 creatures vanquished

Notes
Turn   | Place    | Note
-------+----------+-------------------------------------------
     0 | D:1      | freelancePsychic the Human Wanderer began the quest for the
                  | Orb.
     0 | D:1      | freelancePsychic set off with the following items: a +0
                  | dagger, a scroll of teleportation {@r4}, 13 poisoned darts,
                  | a +2 scale mail
     0 | D:1      | Reached XP level 1. HP: 15/15 MP: 1/1
   213 | D:1      | Reached skill level 2 in Fighting
   213 | D:1      | Reached XP level 2. HP: 18/22 MP: 2/2
   716 | D:1      | Reached XP level 3. HP: 28/28 MP: 3/3
   824 | D:1      | Reached skill level 3 in Fighting
   908 | D:1      | Found Biful's General Store.
  1758 | D:2      | Reached XP level 4. HP: 28/35 MP: 4/4
  2453 | D:2      | Reached skill level 4 in Fighting
  2980 | D:3      | Reached skill level 1 in Long Blades
  2980 | D:3      | Found a glowing drain.
  2989 | Sewer    | Entered a sewer
  2999 | Sewer    | Reached XP level 5. HP: 38/42 MP: 5/5
  3070 | Sewer    | Noticed a kobold brigand
  3100 | Sewer    | Killed a kobold brigand
  3517 | Sewer    | Found a white marble altar of Elyvilon.
  3712 | D:3      | Reached XP level 6. HP: 45/45 MP: 6/6
  4054 | D:3      | Found an opulent altar of Gozag.
  4193 | D:4      | Found a staircase to the Ecumenical Temple.
  4196 | D:4      | Noticed a black bear
  4210 | D:4      | Killed a black bear
  4211 | D:4      | Reached skill level 5 in Fighting
  4219 | Temple   | Entered the Ecumenical Temple
  4437 | Temple   | Became a worshipper of Cheibriados the Contemplative
  4559 | D:4      | Identified the +4 ring mail "Affyvoosh" {Fly rF+ Str+8
                  | Int-3}
  4952 | D:5      | Entered Level 5 of the Dungeon
  4959 | D:5      | Reached XP level 7. HP: 56/56 MP: 7/7
  5150 | D:5      | Reached skill level 1 in Conjurations
  5334 | D:5      | Reached skill level 1 in Fire Magic
  5334 | D:5      | Reached skill level 1 in Earth Magic
  5375 | D:5      | Found a sacrificial altar of Ru.
  5483 | D:5      | Reached * piety under Cheibriados
  6356 | D:6      | Reached skill level 1 in Bows
  6356 | D:6      | Reached XP level 8. HP: 18/62 MP: 9/9
  6926 | D:6      | Found a burning altar of Makhleb.
  7222 | D:6      | Found a radiant altar of Vehumet.
  7682 | D:6      | HP: 2/64 [killer bee (8)]
  7684 | D:6      | Succumbed to a killer bee's poison

Illustrated notes

Levels and vault maps discovered:
D:1:      dpeg_arrival_three_same_balls, layout_basic, serial_shops,
          shop_fountains
D:2:      minmay_door_path, layout_rooms, minmay_split_cup_large
D:3:      layout_basic, lemuel_tele_altar, portal_sewer_entry_d
D:4:      layout_rooms, minmay_temple_entry_ruins, minivault_1
D:5:      layout_basic, mainiacjoe_overflow_alcove_1
D:6:      layout_loops_cross, general_overflow_altar,
          lemuel_coloured_pillars_altar
D:7:      layout_gridville, mainiacjoe_overflow_surrounded_room,
          overflow_temple_1_default, uniq_harold, uniq_maggie, uniq_duvessa
Temple:   nicolae_temple_x_marks_the_god

Skill      XL: |  1  2  3  4  5  6  7  8 |
---------------+-------------------------+-----
Fighting       | 2 3 4 5 |  5.9
Long Blades    | 1 2 3 |  3.2
Conjurations   | 2 |  2.5
Fire Magic     | 2 |  2.4
Earth Magic    | 2 |  2.3
Bows           | 1 3 |  3.7
Axes           | |  1.0
Throwing       | |  1.0
Armour         | |  3.0
Shields        | |  1.0
Spellcasting   | |  0.7
Necromancy     | |  3.0

Action                   |  1- 3 |  4- 6 |  7- 9 || total
-------------------------+-------+-------+-------++-------
Melee: Dagger            |   188 |   167 |   110 ||   465
       Long sword        |       |    76 |       ||    76
       Short sword       |       |       |    28 ||    28
 Fire: Shortbow          |       |       |    22 ||    22
Throw: Dart              |    30 |     6 |     2 ||    38
       Javelin           |     1 |     5 |       ||     6
  Use: Scroll            |       |     4 |       ||     4
       Potion            |       |       |     4 ||     4
Armor: Scale mail        |   103 |   159 |    59 ||   321
Dodge: Dodged            |    98 |   173 |   126 ||   397
       Rpst.: Long sword |       |    18 |       ||    18

Table legend: (Time is in decaauts)
 A = Elapsed time spent in this place.
 B = Non-inter-level travel time spent in this place.
 C = Inter-level travel time spent in this place.
 D = Time resting spent in this place.
 E = Time spent auto-exploring this place.
 F = Levels seen in this place.
 G = Mean time per level.
                   A        B        C        D        E       F      G
               +--------+--------+--------+--------+--------+-----+--------+
         Total |   8332 |   8171 |    161 |    992 |   5880 |   9 |  925.8 |
       Dungeon |   7470 |   7314 |    156 |    660 |   5540 |   7 | 1067.1 |
        Temple |    223 |    219 |      4 |      0 |    206 |   1 |  223.0 |
         Sewer |    639 |    639 |      0 |    332 |    133 |   1 |  639.0 |
               +--------+--------+--------+--------+--------+-----+--------+

Top non-repeatable levels by time:
     D:5: 1600 daAuts
     D:6: 1595 daAuts
     D:2: 1589 daAuts
     D:1: 1328 daAuts
     D:3: 694 daAuts
     D:4: 657 daAuts
   Sewer: 639 daAuts
  Temple: 223 daAuts
     D:7: 4 daAuts
